 Dungeon Crawl Stone Soup version 0.25-a0-1130-g3926558f3a (webtiles) character file.

Game seed: 4017589809747642648, levelgen mode: deterministic

8142 kae the Basher (level 11, 0/84 HPs)
             Began as a Demonspawn Wanderer on May 19, 2020.
             Was a Believer of Qazlal.
             Slain by a death yak (7 damage)
             ... on level 7 of the Dungeon.
             The game lasted 00:16:25 (15472 turns).

kae the Basher (Demonspawn Wanderer)               Turns: 15472, Time: 00:16:26

Health: 0/84       AC: 16    Str: 15    XL:     11   Next: 6%
Magic:  0/15       EV:  4    Int: 16    God:    Qazlal [**....]
Gold:   129        SH: 13    Dex: 15    Spells: 9/10 levels left

rFire    + . .     SeeInvis .   a - +3 mace
rCold    + . .     Gourm    .   u - +2 kite shield
rNeg     . . .     Faith    .   s - +0 storm dragon scales
rPois    .         Spirit   +   (no helmet)
rElec    +         Reflect  .   i - +0 cloak
rCorr    .         Harm     .   (no gloves)
MR       .....                  n - +1 pair of boots
Stlth    ..........             x - amulet of regeneration
HPRegen  0.64/turn              w - ring of protection from cold
MPRegen  0.14/turn              g - ring of protection from fire

@: no status effects
A: talons 1, thin skeletal structure 2, powered by death 3, magic shield
a: Upheaval, Renounce Religion


You were on level 7 of the Dungeon.
You worshipped Qazlal.
Qazlal was pleased with you.
You were near starving.

You visited 1 branch of the dungeon, and saw 10 of its levels.

You collected 129 gold pieces.

Inventory:

Hand Weapons
 a - a +3 mace (weapon)
Armour
 b - a +0 ring mail
 i - a +0 cloak (worn)
 n - a +1 pair of boots (worn)
 s - +0 storm dragon scales (worn)
 u - a +2 kite shield (worn)
Jewellery
 g - a ring of protection from fire (right hand)
 w - a ring of protection from cold (left hand)
 x - an amulet of regeneration (around neck)
Wands
 h - a wand of enslavement (4)
 j - a wand of flame (17)
 m - a wand of paralysis (10)
 q - a wand of digging (2)
Scrolls
 f - a scroll of magic mapping
 k - 2 scrolls of amnesia
 p - 2 scrolls of remove curse
Potions
 c - 3 potions of curing
 e - 2 potions of ambrosia
 l - a potion of might
 t - 2 potions of heal wounds
Comestibles
 d - 8 rations


   Skills:
 - Level 7.0 Fighting
 * Level 12.4 Maces & Flails
 - Level 7.0 Armour
 - Level 1.7 Shields
 - Level 6.0 Invocations


You had 9 spell levels left.
You knew the following spells:

 Your Spells              Type           Power        Failure   Level  Hunger
a - Corona                Hex            #......      100%        1    ##.....

Your spell library contained the following spells:

 Spells                   Type           Power        Failure   Level  Hunger
 Animate Skeleton         Necr           N/A          100%        1    ##.....
 Apportation              Tloc           #.....       100%        1    ##.....
 Foxfire                  Conj/Fire      #...         100%        1    ##.....
 Infusion                 Chrm           #...         100%        1    ##.....
 Magic Dart               Conj           #...         100%        1    ##.....
 Pain                     Necr           #...         100%        1    ##.....
 Summon Small Mammal      Summ           #...         100%        1    ##.....
 Blink                    Tloc           N/A          100%        2    ###....
 Call Imp                 Summ           #.......     100%        2    ###....
 Shroud of Golubria       Chrm/Tloc      #.....       100%        2    ###....
 Slow                     Hex            #.......     100%        2    ###....
 Song of Slaying          Chrm           #.......     100%        2    ###....
 Confusing Touch          Hex            #.......     100%        3    ####...
 Conjure Flame            Conj/Fire      #.......     100%        3    ####...
 Gell's Gravitas          Tloc           #.........   100%        3    ####...
 Inner Flame              Hex/Fire       #.......     100%        3    ####...
 Mephitic Cloud           Conj/Pois/Air  #.......     100%        3    ####...
 Ozocubu's Armour         Chrm/Ice       #.......     100%        3    ####...
 Portal Projectile        Hex/Tloc       #.....       100%        3    ####...
 Spectral Weapon          Hex/Chrm       #.......     100%        3    ####...
 Vampiric Draining        Necr           #.........   100%        3    ####...
 Animate Dead             Necr           N/A          100%        4    #####..
 Cause Fear               Hex            #.........   100%        4    #####..
 Leda's Liquefaction      Hex/Erth       #.........   100%        4    #####..
 Petrify                  Tmut/Erth      #.......     100%        4    #####..
 Sticky Flame             Conj/Fire      #.......     100%        4    #####..
 Agony                    Necr           #.......     100%        5    ######.
 Fireball                 Conj/Fire      #.........   100%        5    ######.
 Irradiate                Conj/Tmut      #.........   100%        5    ######.
 Metabolic Englaciation   Hex/Ice        #.........   100%        5    ######.
 Yara's Violent Unravell  Hex/Tmut       #.........   100%        5    ######.
 Hydra Form               Tmut           #.........   100%        6    #######
 Statue Form              Tmut/Erth      #........    100%        6    #######
 Dragon Form              Tmut           #.........   100%        7    #######


Dungeon Overview and Level Annotations

Branches:
Dungeon (10/15)            Temple (0/1) D:7            Lair (0/6) D:8
    Orc: D:9-12

Altars:
Ashenzari
Cheibriados
Hepliaklqana
Kikubaaqudgha
Qazlal
Ru
Trog
Uskayaw
Wu Jian
The Shining One

Annotations:
D:5 1 runed translucent door, Crazy Yiuf
D:6 exclusion: upstairs
D:7 Dowan, Duvessa
D:8 Harold, Maurice
D:10 Snorg


Innate Abilities, Weirdness & Mutations

You have sharp toenails.
You have a moderately thin skeletal structure. (Dex +4, Stealth+)
You regenerate a lot of health from kills.
When hurt, damage is shared between your health and your magic reserves.


Message History

The death yak is almost dead.
The death yak gores you but does no damage.
You barely miss the death yak.
The death yak is almost dead.
The death yak gores you!!
* * * LOW HITPOINT WARNING * * *
You hit the death yak but do no damage.
The death yak is almost dead.
The death yak gores you but does no damage.
You hit the death yak but do no damage.
The death yak is almost dead.
The death yak completely misses you.
You hit the death yak but do no damage.
The death yak is almost dead.
The death yak gores you!
* * * LOW HITPOINT WARNING * * *
You thump the death yak!
The death yak is almost dead.
The death yak gores you!
You die...

################### ####
#.........@Y......# ...#
#.###############.#
##.####.# #.# #.....>##
#.# #######.## #.# #
##.## #.###### ##
##.############......#
.##
#............†#####.#
..########.#.#########.#
#.#


You could see a death yak.

Vanquished Creatures
  2 death yaks (D:7)
  An unseen horror (D:10)
  A hornet (D:10)
  5 yaks (D:10)
  2 wyverns
  Menkaure (D:5)
  5 ice beasts
  4 orc warriors
  A hornet zombie (D:8)
  A sky beast (D:9)
  5 phantoms
  2 eyes of draining (D:7)
  6 ogres
  A black bear (D:9)
  A necrophage (D:9)
  2 centaurs
  A crocodile (D:9)
  2 big kobolds
  6 bullfrogs
  A gnoll sergeant (D:9)
  4 scorpions
  4 howler monkeys
  5 crimson imps
  6 hounds
  A quasit (D:7)
  2 bullfrog zombies
  A jelly (D:5)
  4 orc priests
  A bullfrog skeleton (D:10)
  2 centaur skeletons
  6 iguanas
  8 orc wizards
  8 worker ants
  A killer bee zombie (D:5)
  2 hound zombies
  A hound skeleton (D:10)
  2 howler monkey zombies (D:6)
  4 gnolls (D:9)
  7 adders
  2 shadow imps
  An ooze (D:1)
  2 dart slugs (D:2)
  6 leopard geckos
  26 orcs
  2 ball pythons
  7 bats
  5 giant cockroaches
  9 goblins
  4 hobgoblins
  21 jackals
  2 quokkas
  2 frilled lizards
  17 kobolds
  A quokka skeleton (D:7)
  8 rats
234 creatures vanquished.

Vanquished Creatures (others)
  A human (D:6)
  An orc wizard (D:5)
  An orc (D:8)
3 creatures vanquished.

Grand Total: 237 creatures vanquished

Notes
Turn   | Place    | Note
-------+----------+-------------------------------------------
     0 | D:1      | kae the Demonspawn Wanderer began the quest for the Orb.
     0 | D:1      | kae set off with the following items: a +2 mace, a +0 ring
                  | mail, a potion of curing, a ration
     0 | D:1      | Reached XP level 1. HP: 15/15 MP: 1/1
   381 | D:1      | Reached skill level 3 in Maces & Flails
   497 | D:1      | Gained mutation: When hurt, damage is shared between your
                  | health and your magic reserves. [demonic ancestry]
   497 | D:1      | Reached XP level 2. HP: 21/21 MP: 2/2
  1435 | D:2      | Gained mutation: You have a somewhat thin skeletal
                  | structure. (Dex +2, Stealth) [demonic ancestry]
  1435 | D:2      | Reached XP level 3. HP: 26/26 MP: 3/3
  1913 | D:2      | Learned a level 1 spell: Corona
  1930 | D:2      | Found a sacrificial altar of Ru.
  2189 | D:3      | Gained mutation: You have a moderately thin skeletal
                  | structure. (Dex +4, Stealth+) [demonic ancestry]
  2189 | D:3      | Reached XP level 4. HP: 33/33 MP: 4/4
  2436 | D:3      | Found a snail-covered altar of Cheibriados.
  2588 | D:3      | Found a hazy altar of Hepliaklqana.
  2825 | D:3      | Reached skill level 4 in Maces & Flails
  3186 | D:4      | Gained mutation: You regenerate a little health from kills.
                  | [demonic ancestry]
  3186 | D:4      | Reached XP level 5. HP: 36/39 MP: 2/5
  3372 | D:4      | Noticed a phantom
  4017 | D:4      | Killed a phantom
  4017 | D:4      | Reached skill level 5 in Maces & Flails
  4017 | D:4      | Reached XP level 6. HP: 24/47 MP: 3/6
  4261 | D:4      | HP: 1/47 [ogre/+0 giant spiked club (20)]
  4995 | D:5      | Entered Level 5 of the Dungeon
  5112 | D:5      | Found a runed translucent door.
  5113 | D:5      | Noticed Crazy Yiuf
  5150 | D:5      | Noticed Menkaure
  5155 | D:5      | Gained mutation: You regenerate health from kills. [demonic
                  | ancestry]
  5155 | D:5      | Reached XP level 7. HP: 27/53 MP: 4/7
  5163 | D:5      | Killed Menkaure
  5163 | D:5      | Reached skill level 5 in Armour
  5189 | D:5      | Reached skill level 6 in Maces & Flails
  5653 | D:5      | Found a stormy altar of Qazlal.
  5812 | D:5      | Found an ornate altar of the Wu Jian Council.
  5814 | D:5      | Found a hide-covered altar of Uskayaw.
  5852 | D:5      | Found a glowing golden altar of the Shining One.
  6180 | D:6      | Found an ancient bone altar of Kikubaaqudgha.
  6325 | D:6      | HP: 1/55 [orc wizard/+0 dagger of distortion (14)]
  6519 | D:6      | Reached XP level 8. HP: 59/61 MP: 8/8
  7302 | D:6      | Reached skill level 7 in Maces & Flails
  7893 | D:4      | Reached skill level 5 in Fighting
  7937 | D:5      | Became a worshipper of Qazlal Stormbringer
  8010 | D:7      | Reached skill level 1 in Invocations
  8035 | D:7      | Found a staircase to the Ecumenical Temple.
  8207 | D:7      | Noticed Duvessa
  8207 | D:7      | Noticed Dowan
  8229 | D:7      | Found a bloodstained altar of Trog.
  8443 | D:7      | Gained mutation: You have sharp toenails. [demonic
                  | ancestry]
  8443 | D:7      | Reached XP level 9. HP: 50/69 MP: 7/11
  8596 | D:7      | Reached skill level 8 in Maces & Flails
  8604 | D:7      | Found a shattered altar of Ashenzari.
  8980 | D:8      | Noticed a death yak
  8980 | D:8      | Noticed a death yak
  8980 | D:8      | Noticed a death yak
  8981 | D:8      | Noticed a death yak
  9040 | D:8      | Noticed Maurice
  9499 | D:8      | Reached * piety under Qazlal
  9579 | D:8      | Noticed Harold
 10508 | D:8      | Found a staircase to the Lair.
 11121 | D:8      | Noticed a death yak
 11374 | D:8      | HP: 3/71 [Harold/+1 vorpal war axe (7)]
 11845 | D:8      | Reached skill level 9 in Maces & Flails
 11845 | D:8      | Reached skill level 5 in Invocations
 12673 | D:9      | Gained mutation: You regenerate a lot of health from kills.
                  | [demonic ancestry]
 12673 | D:9      | Reached XP level 10. HP: 57/77 MP: 10/14
 12732 | D:9      | Reached ** piety under Qazlal
 13078 | D:8      | Reached skill level 10 in Maces & Flails
 13822 | D:10     | Entered Level 10 of the Dungeon
 14230 | D:10     | Noticed Snorg
 14393 | D:10     | Reached skill level 11 in Maces & Flails
 14560 | D:10     | Killed an unseen horror
 14855 | D:8      | Noticed a death yak
 15164 | D:7      | Killed a death yak
 15164 | D:7      | Reached skill level 12 in Maces & Flails
 15304 | D:7      | HP: 1/79 [death yak (14)]
 15307 | D:7      | Killed a death yak
 15307 | D:7      | Reached XP level 11. HP: 1/84 MP: 1/15
 15472 | D:7      | Slain by a death yak

Illustrated notes

Levels and vault maps discovered:
D:1:      wander_arrival_chamber, layout_loops_corners
D:2:      layout_loops_ring, nicolae_ru_path_of_blood
D:3:      layout_loops_cross, lemuel_doored_altar, old_standard_altar,
          first_ration
D:4:      layout_basic
D:5:      layout_loops_ring, nicolae_overflow_hidden_temple,
          grunt_qazlal_clouds, uniq_crazy_yiuf_cottage, uniq_menkaure
D:6:      layout_layer_cave, tgw_kikubaaqudgha
D:7:      layout_loops_ring, cheibrodos_ashenzari_chains, trog_eyes_of_draining,
          minmay_temple_entry_mist, kennysheep_diamond, uniq_duvessa
D:8:      layout_basic, dpeg_lair_monsters, uniq_harold, uniq_maurice
D:9:      layout_gridville
D:10:     layout_roguey, uniq_snorg

Skill      XL: |  1  2  3  4  5  6  7  8  9 10 |
---------------+-------------------------------+-----
Maces & Flails | 3 4 5 6 7 9 12 | 12.4
Armour         | 4 5 6 7 |  7.0
Fighting       | 2 3 4 5 6 7 |  7.0
Invocations    | 3 5 6 |  6.0
Shields        | |  1.7

Action                   |  1- 3 |  4- 6 |  7- 9 | 10-12 || total
-------------------------+-------+-------+-------+-------++-------
Melee: Mace              |   150 |   172 |   606 |   379 ||  1307
Invok: Upheaval          |       |       |       |     5 ||     5
Evoke: Wand              |       |       |     8 |     6 ||    14
  Use: Scroll            |     8 |     6 |    11 |     3 ||    28
       Potion            |       |       |     7 |       ||     7
 Stab: Sleeping          |       |     2 |     3 |       ||     5
       Invisible         |       |       |     1 |       ||     1
       Paralysed         |       |       |       |     3 ||     3
  Eat: Chunk             |     3 |     7 |    11 |     8 ||    29
       Ration            |       |     1 |     4 |       ||     5
Armor: Ring mail         |    69 |    94 |   222 |    45 ||   430
       Skin              |       |       |    10 |       ||    10
       Storm dragon scal |       |       |       |    96 ||    96
Dodge: Dodged            |   104 |   102 |   291 |    62 ||   559
Block: Other             |       |       |    10 |    11 ||    21
       Kite shield       |       |       |       |   102 ||   102

Table legend:
 A = Non-vault XP
 B = Vault XP
 C = Vault XP percentage of total XP
 D = Non-vault monster count
 E = Vault monster count
 F = Vault count percentage of total count
                 A         B        C        D         E       F
            +---------+---------+-------+---------+---------+-------
      Total |    9095 |    2537 |  21.8 |     225 |       9 |   3.8
            +---------+---------+-------+---------+---------+-------
        D:1 |      37 |       0 |   0.0 |      21 |       0 |   0.0
        D:2 |      58 |       0 |   0.0 |      18 |       0 |   0.0
        D:3 |      60 |       0 |   0.0 |      23 |       0 |   0.0
        D:4 |     609 |       0 |   0.0 |      13 |       0 |   0.0
        D:5 |     461 |     165 |  26.4 |      20 |       1 |   4.8
        D:6 |     514 |       0 |   0.0 |      18 |       0 |   0.0
        D:7 |     684 |    2372 |  77.6 |      17 |       8 |  32.0
        D:8 |    1599 |       0 |   0.0 |      24 |       0 |   0.0
        D:9 |    2241 |       0 |   0.0 |      44 |       0 |   0.0
       D:10 |    2832 |       0 |   0.0 |      27 |       0 |   0.0
            +---------+---------+-------+---------+---------+-------
